BLB
PAWTUCKET PATRIOTS @ DENVER BULLS
09/01/2059
 
TOP OF THE 1ST
Pawtucket Patriots batting - Pitching for Denver Bulls : LHP Chandler Magnuson
Pitching: LHP Chandler Magnuson
Batting: RHB Amani Hansen 0-0: Ball
1-0: Ball
2-0: Foul Ball, location: 2F
2-1: Foul Ball, location: 2F
2-2: Strikes out swinging
Batting: RHB Keith Friday 0-0: Ground out 6-3 (Groundball, 6M, EV 88.1 MPH)
Batting: RHB R.C. Sloan 0-0: Called Strike
0-1: Ball
1-1: Ball
2-1: Ball
3-1: Swinging Strike
3-2: SOLO HOME RUN (Flyball, 8LXD, EV 102.5 MPH), Distance : 420 ft
Batting: RHB Mason Gilbert 0-0: Swinging Strike
0-1: Swinging Strike
0-2: Fly out, F7 (Flyball, 7D, EV 88.1 MPH)
Top of the 1st over - 1 run, 1 hit, 0 errors, 0 left on base; Pawtucket 1 - Denver 0
BOTTOM OF THE 1ST
Denver Bulls batting - Pitching for Pawtucket Patriots : RHP LaVar Abrudan
Pitching: RHP LaVar Abrudan
Batting: LHB Johnathan Wang 0-0: Ball
1-0: Ball
2-0: Foul Ball, location: 2F
2-1: Called Strike
2-2: Ball
3-2: SINGLE (Groundball, 56D, EV 100.6 MPH)
Batting: SHB Sage Reinisch 0-0: Swinging Strike
0-1: Swinging Strike
0-2: Ball
1-2: Foul Ball, location: 2F
1-2: Strikes out swinging
Batting: LHB Michael Hughes 0-0: Swinging Strike
0-1: Foul Ball, location: 2F
0-2: Ball
1-2: Strikes out swinging
Batting: RHB Chasson Egan 0-0: Ball
1-0: Fielders Choice at 2nd, 6-4 (Groundball, 6, EV 82.5 MPH)
Bottom of the 1st over - 0 runs, 1 hit, 0 errors, 1 left on base; Pawtucket 1 - Denver 0
TOP OF THE 2ND
Pawtucket Patriots batting - Pitching for Denver Bulls : LHP Chandler Magnuson
Batting: RHB Brenden Morris 0-0: Ball
1-0: Ball
2-0: Ball
3-0: Called Strike
3-1: Foul Ball, location: 2F
3-2: Fly out, F7 (Flyball, 78M, EV 88.8 MPH)
Batting: RHB Carter Kocher 0-0: Ball
1-0: Ball
2-0: Called Strike
2-1: SINGLE (Groundball, 5D, EV 100.0 MPH)
Batting: RHB Tymell Wade 0-0: Called Strike
0-1: Ball
1-1: Swinging Strike
1-2: Grounds into double play, 5-4-3 (Groundball, 56, EV 97.5 MPH)
Top of the 2nd over - 0 runs, 1 hit, 0 errors, 0 left on base; Pawtucket 1 - Denver 0
BOTTOM OF THE 2ND
Denver Bulls batting - Pitching for Pawtucket Patriots : RHP LaVar Abrudan
Batting: RHB James Wilson 0-0: Ball
1-0: Ball
2-0: Ball
3-0: Called Strike
3-1: Foul Ball, location: 2F
3-2: Foul Ball, location: 2F
3-2: Strikes out swinging
Batting: LHB Wil Murillo 0-0: Foul Ball, location: 2F
0-1: Foul Ball, location: 2F
0-2: Strikes out swinging
Batting: SHB T.J. Carter 0-0: Swinging Strike
0-1: Ball
1-1: Called Strike
1-2: Strikes out swinging
Bottom of the 2nd over - 0 runs, 0 hits, 0 errors, 0 left on base; Pawtucket 1 - Denver 0
TOP OF THE 3RD
Pawtucket Patriots batting - Pitching for Denver Bulls : LHP Chandler Magnuson
Batting: LHB Justin Knight 0-0: Ground out 6-3 (Groundball, 56, EV 102.5 MPH)
Batting: RHB Brayden Carlson 0-0: Ball
1-0: Foul Ball, location: 2F
1-1: Ball
2-1: SINGLE (Groundball, 34D, EV 95.6 MPH)
Batting: RHB Amani Hansen 0-0: Ball
1-0: Ball
2-0: Called Strike
2-1: Ball
3-1: Base on Balls
Brayden Carlson to second
Batting: RHB Keith Friday 0-0: Ball
1-0: Called Strike
1-1: Fly out, F9 (Flyball, 9, EV 86.9 MPH)
Batting: RHB R.C. Sloan 0-0: Foul Ball, location: 2F
0-1: Ball
1-1: Ball
2-1: Ball
3-1: 3-RUN HOME RUN (Flyball, 7D, EV 98.1 MPH), Distance : 379 ft
Batting: RHB Mason Gilbert 0-0: Swinging Strike
0-1: Ball
1-1: Ball
2-1: Fly out, F8 (Flyball, 8RM, EV 90.0 MPH)
Top of the 3rd over - 3 runs, 2 hits, 0 errors, 0 left on base; Pawtucket 4 - Denver 0
BOTTOM OF THE 3RD
Denver Bulls batting - Pitching for Pawtucket Patriots : RHP LaVar Abrudan
Batting: RHB Bert Thoma 0-0: Ball
1-0: SINGLE (Line Drive, 56, EV 101.2 MPH)
Batting: RHB Liam Gill 0-0: Foul Ball, location: 2F
0-1: Ball
1-1: DOUBLE (Groundball, 3L, EV 108.8 MPH)
Bert Thoma to third
Batting: LHB Johnathan Wang 0-0: Ball
1-0: Foul Ball, location: 2F
1-1: Swinging Strike
1-2: Strikes out swinging
Batting: SHB Sage Reinisch 0-0: Called Strike
0-1: Ball
1-1: Called Strike
1-2: Ball
2-2: Ball
3-2: Fly out, F9 (Flyball, 89D, EV 74.4 MPH)
Runner from 3rd tags up, SCORES, throw by RF
Liam Gill to third
Batting: LHB Michael Hughes 0-0: Foul Ball, location: 2F
0-1: Called Strike
0-2: Foul Ball, location: 2F
0-2: Ball
1-2: Strikes out swinging
Bottom of the 3rd over - 1 run, 2 hits, 0 errors, 1 left on base; Pawtucket 4 - Denver 1
TOP OF THE 4TH
Pawtucket Patriots batting - Pitching for Denver Bulls : LHP Chandler Magnuson
Batting: RHB Brenden Morris 0-0: Swinging Strike
0-1: Ball
1-1: Ball
2-1: Swinging Strike
2-2: Foul Ball, location: 2F
2-2: Strikes out swinging
Batting: RHB Carter Kocher 0-0: Ball
1-0: Ball
2-0: Called Strike
2-1: Foul Ball, location: 2F
2-2: Foul Ball, location: 2F
2-2: Foul Ball, location: 2F
2-2: Ball
3-2: Base on Balls
Batting: RHB Tymell Wade 0-0: SINGLE (Line Drive, 8RS, EV 104.4 MPH)
Carter Kocher to second
Batting: LHB Justin Knight 0-0: Called Strike
0-1: Ball
1-1: Ball
2-1: Ball
3-1: Swinging Strike
3-2: Strikes out swinging
Batting: RHB Brayden Carlson 0-0: Called Strike
0-1: Fielders Choice at 2nd, 5-4 (Groundball, 56, EV 88.1 MPH)
Top of the 4th over - 0 runs, 1 hit, 0 errors, 2 left on base; Pawtucket 4 - Denver 1
BOTTOM OF THE 4TH
Denver Bulls batting - Pitching for Pawtucket Patriots : RHP LaVar Abrudan
Batting: RHB Chasson Egan 0-0: Fly out, F9 (Flyball, 9LM, EV 99.4 MPH)
Batting: RHB James Wilson 0-0: SINGLE (Groundball, 6M, EV 93.8 MPH)
Batting: LHB Wil Murillo 0-0: Called Strike
0-1: Fly out, F8 (Flyball, 8RXD, EV 106.2 MPH)
Batting: SHB T.J. Carter 0-0: Ball
1-0: Called Strike
1-1: Ball
2-1: Called Strike
2-2: Strikes out swinging
Bottom of the 4th over - 0 runs, 1 hit, 0 errors, 1 left on base; Pawtucket 4 - Denver 1
TOP OF THE 5TH
Pawtucket Patriots batting - Pitching for Denver Bulls : LHP Chandler Magnuson
Batting: RHB Amani Hansen 0-0: Ball
1-0: Fly out, F9 (Flyball, 89M, EV 80.6 MPH)
Batting: RHB Keith Friday 0-0: Ball
1-0: Ball
2-0: Ball
3-0: Called Strike
3-1: DOUBLE (Line Drive, 89D, EV 100.0 MPH)
Batting: RHB R.C. Sloan 0-0: Called Strike
0-1: Called Strike
0-2: Strikes out swinging
Batting: RHB Mason Gilbert 0-0: Called Strike
0-1: Ball
1-1: Ball
2-1: Foul Ball, location: 2F
2-2: Ball
3-2: Base on Balls
Batting: RHB Brenden Morris 0-0: Called Strike
0-1: Ball
1-1: SINGLE (Flyball, 5D, EV 98.1 MPH)
Keith Friday to third
Mason Gilbert to second
Runner from 3rd tries for Home, throw by LF and OUT! 7-2
Top of the 5th over - 0 runs, 2 hits, 0 errors, 2 left on base; Pawtucket 4 - Denver 1
BOTTOM OF THE 5TH
Denver Bulls batting - Pitching for Pawtucket Patriots : RHP LaVar Abrudan
Batting: RHB Bert Thoma 0-0: Called Strike
0-1: Called Strike
0-2: Ball
1-2: Foul Ball, location: 2F
1-2: Ball
2-2: Foul Ball, location: 2F
2-2: Ball
3-2: Ground out 5-3 (Groundball, 5, EV 88.8 MPH)
Batting: RHB Liam Gill 0-0: Called Strike
0-1: Ball
1-1: Ball
2-1: Foul Ball, location: 2F
2-2: Strikes out swinging
Batting: LHB Johnathan Wang 0-0: Ball
1-0: Foul Ball, location: 2F
1-1: Ground out 5-3 (Groundball, 56, EV 83.8 MPH)
Bottom of the 5th over - 0 runs, 0 hits, 0 errors, 0 left on base; Pawtucket 4 - Denver 1
TOP OF THE 6TH
Pawtucket Patriots batting - Pitching for Denver Bulls : LHP Chandler Magnuson
Batting: RHB Carter Kocher 0-0: Swinging Strike
0-1: Ground out 5-3 (Groundball, 56S, EV 89.4 MPH)
Batting: RHB Tymell Wade 0-0: Ball
1-0: Called Strike
1-1: Ball
2-1: Ball
3-1: Swinging Strike
3-2: Strikes out looking
Batting: LHB Justin Knight 0-0: Fly out, F8 (Flyball, 8LXD, EV 87.5 MPH)
Top of the 6th over - 0 runs, 0 hits, 0 errors, 0 left on base; Pawtucket 4 - Denver 1
BOTTOM OF THE 6TH
Denver Bulls batting - Pitching for Pawtucket Patriots : RHP LaVar Abrudan
Batting: SHB Sage Reinisch 0-0: Ball
1-0: DOUBLE (Flyball, 8RD, EV 108.1 MPH)
Batting: LHB Michael Hughes 0-0: DOUBLE (Flyball, 7LD, EV 91.2 MPH)
Sage Reinisch scores
Batting: RHB Chasson Egan 0-0: Ball
1-0: Ground out 4-3 (Groundball, 4S, EV 61.2 MPH)
Michael Hughes to third
Batting: RHB James Wilson 0-0: Ball
1-0: Swinging Strike
1-1: Fly out, F7 (Flyball, 7LS, EV 90.0 MPH)
Batting: LHB Wil Murillo 0-0: Ball
1-0: Ball
2-0: Swinging Strike
2-1: Ball
3-1: Base on Balls
Batting: SHB T.J. Carter 0-0: Ball
1-0: Swinging Strike
1-1: Ball
2-1: DOUBLE (Line Drive, 9LS, EV 105.0 MPH)
Michael Hughes scores
Wil Murillo to third
Batting: RHB Bert Thoma 0-0: Ball
1-0: Foul Ball, location: 2F
1-1: Swinging Strike
1-2: Ball
2-2: Strikes out swinging
Bottom of the 6th over - 2 runs, 3 hits, 0 errors, 2 left on base; Pawtucket 4 - Denver 3
TOP OF THE 7TH
Pawtucket Patriots batting - Pitching for Denver Bulls : LHP Chandler Magnuson
Batting: RHB Brayden Carlson 0-0: Swinging Strike
0-1: Ball
1-1: Ball
2-1: Swinging Strike
2-2: Strikes out swinging
Pitching: RHP Rickie Guerreiro
Batting: RHB Amani Hansen 0-0: Ball
1-0: Foul Ball, location: 2F
1-1: Swinging Strike
1-2: Foul Ball, location: 2F
1-2: Ball
2-2: Strikes out swinging
Batting: RHB Keith Friday 0-0: Called Strike
0-1: Ball
1-1: Foul Ball, location: 2F
1-2: Strikes out swinging
Top of the 7th over - 0 runs, 0 hits, 0 errors, 0 left on base; Pawtucket 4 - Denver 3
BOTTOM OF THE 7TH
Denver Bulls batting - Pitching for Pawtucket Patriots : RHP LaVar Abrudan
Batting: RHB Liam Gill 0-0: Ball
1-0: Called Strike
1-1: Ball
2-1: Ball
3-1: SINGLE (Line Drive, 3D, EV 103.8 MPH)
Batting: LHB Johnathan Wang 0-0: Swinging Strike
Liam Gill steals 2nd base
0-1: Foul Ball, location: 2F
0-2: Ball
1-2: Ball
2-2: Foul Ball, location: 2F
2-2: Fly out, F9 (Flyball, 9D, EV 83.1 MPH)
Runner from 2nd tags up, SAFE at 3rd, no throw by RF
Pinch Hitting: RHB Dalton Brown 0-0: Ball
1-0: Swinging Strike
1-1: Ball
2-1: Ball
3-1: 2-RUN HOME RUN (Flyball, 78XD, EV 105.6 MPH), Distance : 439 ft
Batting: LHB Michael Hughes 0-0: Ball
1-0: Foul Ball, location: 2F
1-1: Ball
2-1: Called Strike
2-2: Strikes out looking
Batting: RHB Chasson Egan 0-0: Ball
1-0: Ball
2-0: Called Strike
2-1: Ground out 6-3 (Groundball, 4MS, EV 63.1 MPH)
Bottom of the 7th over - 2 runs, 2 hits, 0 errors, 0 left on base; Pawtucket 4 - Denver 5
TOP OF THE 8TH
Pawtucket Patriots batting - Pitching for Denver Bulls : RHP Rickie Guerreiro
Now at 2B: Dalton Brown
Now at SS: Liam Gill
Batting: RHB R.C. Sloan 0-0: Called Strike
0-1: Ball
1-1: Ball
2-1: Ball
3-1: Foul Ball, location: 2F
3-2: Foul Ball, location: 2F
3-2: Foul Ball, location: 2F
3-2: Ground out U3 (Groundball, 3L, EV 103.8 MPH)
Batting: RHB Mason Gilbert 0-0: Ball
1-0: Foul Ball, location: 2F
1-1: Foul Ball, location: 2F
1-2: Strikes out looking
Batting: RHB Brenden Morris 0-0: Ball
1-0: Swinging Strike
1-1: Called Strike
1-2: Foul Ball, location: 2F
1-2: Ball
2-2: Strikes out swinging
Top of the 8th over - 0 runs, 0 hits, 0 errors, 0 left on base; Pawtucket 4 - Denver 5
BOTTOM OF THE 8TH
Denver Bulls batting - Pitching for Pawtucket Patriots : RHP LaVar Abrudan
Pitching: RHP Quin Mueller
Batting: RHB James Wilson 0-0: Ball
1-0: Ground out 5-3 (Groundball, 56, EV 80.6 MPH)
Batting: LHB Wil Murillo 0-0: Called Strike
0-1: Called Strike
0-2: Foul Ball, location: 2F
0-2: SINGLE (Groundball, 4MD, EV 103.1 MPH)
Batting: SHB T.J. Carter 0-0: Called Strike
0-1: Swinging Strike
0-2: Ball
1-2: Strikes out looking
Batting: RHB Bert Thoma 0-0: Ball
1-0: Ball
2-0: Called Strike
2-1: DOUBLE (Line Drive, 89XD, EV 113.1 MPH)
Wil Murillo to third
Batting: RHB Liam Gill 0-0: Called Strike
0-1: SINGLE (Groundball, 56D, EV 103.1 MPH)
Wil Murillo scores
Bert Thoma to third
Runner from 3rd tries for Home, throw by LF and OUT! 7-2
Bottom of the 8th over - 1 run, 3 hits, 0 errors, 1 left on base; Pawtucket 4 - Denver 6
TOP OF THE 9TH
Pawtucket Patriots batting - Pitching for Denver Bulls : RHP Rickie Guerreiro
Pitching: LHP Colby Saunders
Batting: RHB Carter Kocher 0-0: Foul Ball, location: 2F
0-1: Ball
1-1: Fly out, F4 (Line Drive, 4D, EV 66.2 MPH)
Batting: RHB Tymell Wade 0-0: Called Strike
0-1: Foul Ball, location: 2F
0-2: Ball
1-2: Foul Ball, location: 2F
1-2: Foul Ball, location: 2F
1-2: Strikes out looking
Pinch Hitting: RHB Ricky Douglas 0-0: Ground out 6-3 (Groundball, 56, EV 103.1 MPH)
Top of the 9th over - 0 runs, 0 hits, 0 errors, 0 left on base; Pawtucket 4 - Denver 6
Friday, March 29th , 2024 - OOTP Baseball 23.10 Build 110